AoeStats
← [KMNB] Bandeira

Oasis

507044215Analyzed
3v3 RM · 17d ago on Sep 16, 2026· 39m 42s· 6 players
Game mode
Random Map
Map size
Normal (6 player)
Population
200
Speed
Normal
Resources
Standard
Victory
Conquest
Starting age
Dark Age
Ending age
Imperial Age
RankedLock teamsTeams togetherTeam positionsShared explorationLock speedFull tech treeHidden civsTurbo modeCheats
Victory
Defeat
🇨🇿 Ethiopians · Czechia
1506
+15
🇩🇪 Mongols · Germany
1505
+16
🇩🇪 Dravidians · Germany
1439
+18
🇧🇷 Magyars · Brazil
1557
-19
🇧🇷 Saracens · Brazil
1478
-16
🇧🇷 Britons · Brazil
1443
-14
[KMNB] Dedão
11:26 Feudal Age
11:28 Loom
13:13 Double-Bit Axe
19:09 Castle Age
17:18 Horse Collar
18:02 Gold Mining
20:26 Forging
21:19 Scale Barding Armor
24:43 Bow Saw
28:07 Wheelbarrow
28:35 Chain Barding Armor
30:08 Iron Casting
32:26 Hand Cart
35:46 Imperial Age
36:16 Town Watch
35:55 Elite Mameluke
37:26 Plate Barding Armor
37:52 Blast Furnace
37:01 Stone Mining
37:34 Conscription
37:57 Fletching
39:26 Two-Man Saw
39:20 Ballistics
[KMNB] Bandeira
7:53 Loom
10:22 Feudal Age
11:40 Double-Bit Axe
15:34 Castle Age
13:44 Horse Collar
17:57 Horse Collar
19:14 Scale Barding Armor
23:13 Chain Barding Armor
25:52 Wheelbarrow
30:54 Heavy Plow
30:50 Gold Mining
36:02 Imperial Age
35:11 Corvinian Army
36:59 Bloodlines
36:09 Cavalier
37:47 Conscription
38:07 Bow Saw
39:43 Plate Barding Armor
[KMNB] Preguiça
6:51 Loom
9:26 Feudal Age
10:12 Double-Bit Axe
14:25 Horse Collar
17:34 Wheelbarrow
17:08 Fletching
19:01 Padded Archer Armor
25:33 Castle Age
24:18 Stone Mining
24:25 Gold Mining
25:34 Crossbowman
26:10 Bodkin Arrow
29:06 Ballistics
30:42 Bow Saw
30:34 Heavy Plow
31:49 Gold Shaft Mining
31:41 Leather Archer Armor
31:51 Elite Skirmisher
32:54 Hand Cart
34:10 Town Watch
37:43 Imperial Age
37:47 Arbalester
38:29 Bracer
39:28 Conscription
40:54 Chemistry
Nexuz
8:39 Feudal Age
7:10 Loom
10:34 Double-Bit Axe
20:13 Castle Age
18:50 Stone Mining
19:26 Fletching
19:38 Horse Collar
22:30 Bodkin Arrow
22:36 Padded Archer Armor
24:06 Heavy Plow
25:54 Elite Skirmisher
29:19 Leather Archer Armor
29:19 Bloodlines
30:14 Husbandry
31:38 Ballistics
32:32 Wheelbarrow
31:43 Town Watch
37:08 Imperial Age
35:31 Hand Cart
35:01 Town Watch
37:12 Thumb Ring
37:55 Bracer
38:57 Chemistry
38:58 Conscription
Czech_Airwave
8:04 Loom
11:14 Feudal Age
11:43 Double-Bit Axe
15:00 Gold Mining
19:36 Castle Age
18:31 Fletching
19:32 Padded Archer Armor
19:24 Horse Collar
20:15 Bodkin Arrow
19:42 Crossbowman
23:42 Bow Saw
25:29 Leather Archer Armor
28:19 Ballistics
28:30 Thumb Ring
29:28 Wheelbarrow
30:54 Hand Cart
36:07 Imperial Age
36:53 Bracer
37:56 Chemistry
37:20 Arbalester
37:58 Town Watch
39:23 Ring Archer Armor
Long John Silver
7:17 Loom
9:22 Feudal Age
10:09 Double-Bit Axe
10:05 Horse Collar
18:56 Castle Age
16:58 Gold Mining
19:56 Bow Saw
19:47 Heavy Plow
21:33 Wheelbarrow
20:52 Stone Mining
22:30 Fletching
23:18 Bodkin Arrow
23:23 Padded Archer Armor
23:37 Husbandry
24:51 Hand Cart
24:21 Town Watch
27:56 Leather Archer Armor
29:41 Thumb Ring
33:43 Imperial Age
32:17 Ballistics
32:31 Medical Corps
35:06 Conscription
35:58 Two-Man Saw
35:09 Bracer
36:15 Chemistry
37:15 Ring Archer Armor
36:46 Elite Elephant Archer
38:52 Masonry
39:04 Wootz Steel
Connection lost

Rejoining the realm…

Still unreachable

The connection could not be restored.

Session expired

The server has moved on; the page needs a fresh start.